Match 28030594
Unlisted

Match 28030594
End
Kettenkrad Recon Vehicle
Construct Infanterie Kompanie
Selects Mechanized Battlegroup
Grenadier Squad
MG 42 Machine Gun Team
MG 42 Bunker
Construct Panzergrenadier Kompanie
Medical Station
251 Medium Carrier
MG 42 Machine Gun Team
Selects Mobile Repair Stations
Panzergrenadier Squad
Panzergrenadier Squad
Panzergrenadier Officer Quarters
Construct Panzer Kompanie
Panzer IV Medium Tank
Pak 40 Anti-tank Gun Team
Infanterie Officer Quarters
Selects Wespe Self-propelled Artillery
Panzer Officer Quarters
Pioneer Squad
Medical Bunker
Repair Bunker
Panzer IV Medium Tank
Zamon
Zuzz
Jidzz
Nikki Santoro
Friendly Mouse(Poxie)
my worst self
Despicable Daniel
quarex226
0
0

Comments sign in to comment!

No comments posted yet!